 Dungeon Crawl Stone Soup version 0.30-a0-852-g08b95dd62f (webtiles) character file.

Game seed: 14844241894269636628

2970 arthad the Summoner (level 9, -4/40 HPs)
             Began as a Felid Summoner on Mar 4, 2023.
             Was an Initiate of Gozag.
             Hit by a silver javelin thrown by Urug (7 damage)
             ... on level 11 of the Dungeon.
             The game lasted 00:58:46 (13788 turns).

arthad the Summoner (Felid Summoner)               Turns: 13788, Time: 00:58:47

Health: -4/40      AC:  2    Str:  4    XL:     9   Next: 52%
Magic:  21/31      EV: 21    Int: 22    God:    Gozag
Gold:   1277       SH:  0    Dex: 16    Spells: 2/24 levels left
                                        Lives:  0   Deaths: 3

rFire   . . .      SeeInvis +      - Unarmed
rCold   . . .      Faith    .    (shield unavailable)
rNeg    . . .      Spirit   .    (body armour unavailable)
rPois   .          Reflect  .    (helmet unavailable)
rElec   .          Rampage  .    (cloak unavailable)
rCorr   .                        (gloves unavailable)
Will    +....                    (boots unavailable)
Stlth   ++                       (no amulet)
HPRegen 0.26/turn                J - ring of magical power
MPRegen 0.22/turn                v - ring of wizardry

@: quick
A: very small, claws 1, fangs 3, see invisible, speed 1, shaggy fur 2, stealthy
paws, no weapons or thrown items, no armour, multi-lived
a: Renounce Religion, Potion Petition, Call Merchant, Bribe Branch


You were on level 11 of the Dungeon.
You worshipped Gozag.
Gozag was most pleased with you.
You visited 2 branches of the dungeon, and saw 12 of its levels.
You also visited: Sewer and Ossuary.

You collected 1575 gold pieces.
You spent 156 gold pieces at shops.
You paid 142 gold pieces to Gozag.

Inventory:

Armour
 i - the +5 ring mail of Zes Yta {rElec Will+}
   (You found it on level 4 of the Dungeon)

   rElec:     It insulates you from electricity.
   Will:      It increases your willpower.
Jewellery
 g - an amulet of guardian spirit
 j - a ring of poison resistance
 t - a ring of resist corrosion
 v - a ring of wizardry (right paw)
 A - a ring of positive energy
 G - a ring of positive energy
 J - a ring of magical power (left paw)
Wands
 d - a wand of light (5)
 B - a wand of paralysis (8)
 K - a wand of polymorph (7)
Scrolls
 b - 2 scrolls of amnesia
 f - 2 scrolls of vulnerability
 k - 3 scrolls of teleportation
 m - a scroll of fear
 n - a scroll of enchant weapon
 u - a scroll of noise
 y - 2 scrolls of blinking
 E - 2 scrolls of magic mapping
 I - 2 scrolls of fog {unknown}
 L - a scroll of brand weapon {unknown}
Potions
 a - a potion of magic
 c - 5 potions of flight
 e - 5 potions of might
 h - 2 potions of resistance
 l - 3 potions of attraction {unknown}
 o - 3 potions of ambrosia
 p - 4 potions of cancellation
 q - 3 potions of degeneration {unknown}
 r - 3 potions of lignification {unknown}
 s - 4 potions of mutation
 w - 2 potions of invisibility {unknown}
 z - 3 potions of curing
 F - 2 potions of heal wounds


   Skills:
 + Level 5.2 Fighting
 + Level 7.5 Dodging
 - Level 2.6 Stealth
 + Level 5.2 Unarmed Combat
 * Level 8.0 Spellcasting
 - Level 5.0 Hexes
 * Level 9.9 Summonings
 + Level 7.1 Translocations
 * Level 7.3 Air Magic


You had 2 spell levels left.
You knew the following spells:

 Your Spells              Type           Power      Damage    Failure   Level
a - Summon Lightning Spi  Summ/Air       46%        N/A       1%          4
b - Call Imp              Summ           51%        N/A       1%          2
c - Call Canine Familiar  Summ           51%        N/A       1%          3
d - Summon Guardian Gole  Hex/Summ       41%        N/A       1%          3
e - Blink                 Tloc           80%        N/A       1%          2
f - Tukima's Dance        Hex            30%        N/A       1%          3
g - Summon Mana Viper     Hex/Summ       41%        N/A       4%          5

Your spell library contained the following spells:

 Spells                   Type           Power      Damage    Failure   Level
 Summon Small Mammal      Summ           100%       N/A       1%          1
 Sandblast                Erth           16%        2d6       3%          1
 Passwall                 Tmut/Erth      6%         N/A       4%          2
 Kindle Blastsparks       Fire/Tloc/Air  60%        2d15      1%          3
 Manifold Assault         Tloc           40%        N/A       1%          4
 Summon Forest            Summ/Tloc      23%        N/A       2%          5
 Summon Cactus Giant      Summ           25%        N/A       8%          6
 Ignite Poison            Fire/Tmut/Pois 8%         N/A       9%          3
 Stone Arrow              Conj/Erth      16%        3d8       9%          3
 Freezing Cloud           Conj/Ice/Air   9%         6-21      28%         5
 Blade Hands              Tmut           4%         N/A       58%         5
 Storm Form               Tmut/Air       12%        N/A       99%         7
 Portal Projectile        Hex/Tloc       Unusable   N/A       N/A         3

Dungeon Overview and Level Annotations

Branches:
Dungeon (11/15)            Temple (1/1) D:7            Lair (0/5) D:8
    Orc (0/2) D:10          Sewer (visited)         Ossuary (visited)

Altars:
Ashenzari
Cheibriados
Dithmenos
Elyvilon
Fedhas
Gozag
Hepliaklqana
Kikubaaqudgha
Makhleb
Nemelex Xobeh
Okawaru
Qazlal
Ru
Sif Muna
Trog
Uskayaw
Vehumet
Wu Jian
Xom
Yredelemnul
Zin
The Shining One

Shops:
D:4 [   D:8 *   D:11 *(

Annotations:
D:4 3 runed translucent doors, Demosthentine's ghost, amateur DsGl
D:5 2 transporters, Pokonic1's ghost, novice GrFi
D:9 2 transporters, Darkkill's ghost, journeyman MiHu
D:11 Urug


Innate Abilities, Weirdness & Mutations

You have sharp claws.
You have razor-sharp teeth.
You have supernaturally acute eyesight. (SInv)
You cover ground quickly. (Speed+)
You are covered in thick fur. (AC +2)
Your paws help you pounce on unaware monsters.
You are incapable of wielding weapons or throwing items.
You cannot wear armour.
You gain extra lives every three experience levels.


Message History

Urug is nearby!
Casting: Call Imp (safe; 1% risk of failure)
Confirm with . or Enter, or press ? or * to list all spells.
An electric hum fills the air.
Urug shouts!
Urug drinks a potion.
Urug seems to speed up.
You swap places.
Urug throws a silver javelin.
The silver javelin pierces through your lightning spire.
The silver javelin closely misses your white imp.
The silver javelin completely misses you.
Your lightning spire shoots out a bolt of lightning at Urug!
The bolt of electricity hits Urug.
Casting: Summon Lightning Spire (dangerous; 1% risk of failure)
Confirm with . or Enter, or press ? or * to list all spells.
A guardian golem appears, shielding your allies.
Urug hits your lightning spire with a +3 glaive of protection.
Your lightning spire shoots out a bolt of lightning at Urug!
The bolt of electricity hits Urug!
Urug hits your lightning spire with a +3 glaive of protection!
Casting: Summon Guardian Golem (safe; 1% risk of failure)
Confirm with . or Enter, or press ? or * to list all spells.
A mana viper appears with a sibilant hiss.
Urug hits your lightning spire but does no damage.
You swap places.
Urug throws a silver javelin.
The silver javelin barely misses your lightning spire.
The silver javelin barely misses your white imp.
The silver javelin closely misses your mana viper.
The silver javelin pierces through your guardian golem but does no damage.
The silver javelin pierces through you!
You feel better.
Urug throws a silver javelin.
The silver javelin pierces through your lightning spire!
The silver javelin pierces through your white imp!
The silver javelin closely misses your mana viper.
The silver javelin pierces through your guardian golem!
The silver javelin pierces through you!!
Ouch! That really hurt!
* * * LOW HITPOINT WARNING * * *
You die...
Your body crumbles into a pile of gold.

##.## ##..#'##.## *,*,**** #.#
#....##.# ****,*,* * #.#
#.##.##.# **,,,,*,**** ##+##
#.......# *,,,,,*,,,,, ##...##
####.#### *,,,,*,***** #.....##
###.# *,,,,,** .......## ##.#.#
**,,,*,** *
........####....########.#..,****
........'......(@9.S58o....∩,,,,'
...^....####....########.#..,****
.......## ##.#..# *,,,,** *
#.....## ####.# ****,* ##...##
#.# *,***** ##+## #.# *,,,,,, #.#
#.# *,***** ###.#### #.# *,* *
.......# #.# *,* ***


You could see Urug (fast, ally target), a friendly mana viper (summoned,
sheltered), a friendly guardian golem (summoned), a friendly lightning spire
(summoned, sheltered) and a friendly white imp (summoned, sheltered).

Vanquished Creatures
  A kobold demonologist (D:10)
  A vampire (D:10)
  A yak (D:10)
  2 kobold brigands (D:10)
  A water moccasin zombie (Ossuary)
  A nameless horror (D:6)
  A howler monkey (D:9)
  An iguana (D:4)
  An orc wizard (D:5)
  A mummy (Ossuary)
  An adder (D:6)
  A gnoll (D:10)
  2 orcs
  A ball python (D:1)
  2 hobgoblins
  A bat (D:1)
  5 goblins (D:2)
  A hobgoblin zombie (Ossuary)
  A kobold (D:10)
  A kobold zombie (Ossuary)
27 creatures vanquished.

Vanquished Creatures (collateral kills)
  Snorg (D:10)
  A two-headed ogre (D:10)
  Pikel (D:6)
  A cyclops (D:11)
  A gargoyle (D:10)
  An unseen horror (D:10)
  2 trolls (D:9)
  Grinder (D:3)
  A shadow (D:11)
  A vampire (D:11)
  2 wraiths (D:9)
  7 yaks
  2 steam dragons (D:9)
  3 water moccasins
  6 orc warriors
  An ice beast (D:8)
  2 sky beasts (D:7)
  2 black bears
  4 ogres
  3 centaurs (D:9)
  2 lemures (D:6)
  Blork the orc (D:6)
  A phantom (D:7)
  2 bullfrogs
  4 kobold brigands
  3 scorpions
  2 water moccasin zombies (Ossuary)
  A wight (D:9)
  3 killer bees (D:9)
  8 howler monkeys
  2 hounds
  8 orc priests
  A gnoll bouda (D:5)
  A jelly (D:7)
  3 iguanas
  Natasha (D:4)
  12 orc wizards
  2 mummies
  Robin (D:2)
  16 gnolls
  7 adders
  An ufetubus (D:5)
  5 adder zombies (Ossuary)
  2 worms
  3 dart slugs
  45 orcs
  6 bats
  6 endoplasms
  2 giant cockroaches (D:2)
  2 gnoll zombies (Ossuary)
  9 goblins
  10 hobgoblins
  7 jackals
  18 kobolds
  A quokka (D:4)
  4 ball pythons
  5 frilled lizards
  7 hobgoblin zombies (Ossuary)
  5 kobold zombies (Ossuary)
  4 orc zombies (Ossuary)
  6 rats
272 creatures vanquished.

Vanquished Creatures (others)
  4 yaks
  An acid dragon (D:11)
  A sky beast (D:7)
  An ogre (D:5)
  A centaur (D:9)
  2 gnoll sergeants
  A scorpion (D:7)
  A killer bee (D:9)
  A howler monkey (D:4)
  An orc priest (D:7)
  Natasha (twice) (D:4)
  2 gnolls
  2 orcs (D:10)
  A goblin (D:2)
  2 fungi (D:4)
  7 plants (D:4)
30 creatures vanquished.

Grand Total: 329 creatures vanquished

Notes
Turn   | Place    | Note
-------+----------+-------------------------------------------
     0 | D:1      | arthad the Felid Summoner began the quest for the Orb.
     0 | D:1      | Reached XP level 1. HP: 7/7 MP: 4/4
   170 | D:1      | Reached XP level 2. HP: 11/11 MP: 1/6
   184 | D:1      | Learned a level 2 spell: Call Imp
  1060 | D:1      | Reached skill level 5 in Summonings
  1278 | D:1      | Reached XP level 3. HP: 14/14 MP: 3/7
  1282 | D:1      | Learned a level 3 spell: Call Canine Familiar
  1429 | D:2      | Noticed Robin
  1489 | D:2      | Killed Robin
  1490 | D:2      | Reached skill level 1 in Hexes
  1841 | D:2      | Reached XP level 4. HP: 18/18 MP: 2/8
  2667 | D:3      | Noticed Grinder
  2688 | D:3      | Paralysed by Grinder for 2 turns
  2692 | D:3      | Killed Grinder
  2693 | D:3      | Reached skill level 1 in Air Magic
  2693 | D:3      | Reached XP level 5. HP: 14/21 MP: 4/10
  2693 | D:3      | Gained mutation: You are covered in thick fur. (AC +2)
                  | [Felid growth]
  2693 | D:3      | Reached XP level 6. HP: 16/24 MP: 4/11
  2697 | D:3      | Learned a level 3 spell: Summon Guardian Golem
  3586 | D:4      | Found Vaichi's Antique Armour Boutique.
  3616 | D:4      | Reached skill level 6 in Summonings
  3633 | D:4      | Learned a level 4 spell: Summon Lightning Spire
  3857 | D:4      | Noticed Natasha
  3882 | D:4      | Reached XP level 7. HP: 27/28 MP: 6/13
  3916 | D:4      | Killed Natasha
  3923 | D:4      | Noticed Natasha
  3954 | D:4      | Killed Natasha
  4070 | D:4      | Found a sand-covered staircase.
  4087 | Ossuary  | Entered an ossuary
  4161 | Ossuary  | Reached skill level 5 in Hexes
  4175 | Ossuary  | Reached skill level 1 in Fighting
  4375 | Ossuary  | Reached skill level 1 in Unarmed Combat
  4689 | D:4      | Noticed Natasha
  4712 | D:4      | Killed Natasha
  4847 | D:4      | Identified the +5 ring mail of Zes Yta {rElec Will+}
  5083 | D:4      | Found a runed translucent gate.
  5084 | D:4      | Found a runed translucent gate.
  5085 | D:4      | Found a runed translucent gate.
  5085 | D:4      | Noticed Demosthentine's ghost (amateur DsGl)
  5276 | D:5      | Entered Level 5 of the Dungeon
  5299 | D:5      | Reached XP level 8. HP: 32/32 MP: 5/15
  5390 | D:5      | Learned a level 2 spell: Blink
  5406 | D:5      | Found a shimmering blue altar of Sif Muna.
  5882 | D:5      | Found a transporter.
  6032 | D:5      | Reached skill level 1 in Translocations
  6133 | D:5      | Found a radiant altar of Vehumet.
  6258 | D:5      | Noticed Pokonic1's ghost (novice GrFi)
  6309 | D:5      | Reached skill level 7 in Summonings
  6493 | D:6      | Found a glowing drain.
  6614 | Sewer    | Entered a sewer
  6682 | Sewer    | Reached skill level 5 in Spellcasting
  6946 | D:6      | Noticed Blork the orc
  6946 | D:6      | Noticed Pikel
  6959 | D:6      | HP: 1/34 [lemure[Pikel] (3)]
  6963 | D:6      | Slain by Pikel
  6964 | D:6      | Reached XP level 7. HP: -2/30 MP: 5/15
  7038 | D:6      | Killed Pikel
  7039 | D:6      | Reached XP level 8. HP: 34/34 MP: 3/17
  7178 | D:5      | Found a transporter.
  7321 | D:6      | Reached skill level 5 in Dodging
  7420 | D:6      | Learned a level 3 spell: Tukima's Dance
  7579 | D:6      | Killed Blork the orc
  7911 | D:6      | Reached XP level 9. HP: 38/38 MP: 2/18
  7914 | D:6      | Reached skill level 8 in Summonings
  7914 | D:6      | Reached skill level 5 in Air Magic
  8114 | D:6      | Found an iron altar of Okawaru.
  8783 | D:7      | Found a staircase to the Ecumenical Temple.
  8792 | Temple   | Entered the Ecumenical Temple
  8878 | Temple   | Became a worshipper of Gozag Ym Sagoz the Greedy
  9117 | D:7      | Found a glowing golden altar of the Shining One.
  9221 | D:8      | Found a snail-covered altar of Cheibriados.
  9240 | D:8      | Found an ancient bone altar of Kikubaaqudgha.
  9275 | D:8      | Found Pugirphi's General Store.
  9283 | D:8      | Bought a scroll of teleportation for 36 gold pieces
  9283 | D:8      | Bought a potion of heal wounds for 60 gold pieces
  9422 | D:8      | Found a shadowy altar of Dithmenos.
  9966 | D:8      | Found a staircase to the Lair.
  9986 | D:8      | Found a glowing silver altar of Zin.
 10143 | D:9      | Found a transporter.
 10145 | D:9      | Noticed Darkkill's ghost (journeyman MiHu)
 10314 | D:9      | Found a transporter.
 10314 | D:9      | Noticed a troll
 10320 | D:9      | Killed a troll
 10321 | D:9      | Reached skill level 5 in Translocations
 10321 | D:9      | Reached XP level 10. HP: 42/42 MP: 9/20
 10327 | D:9      | Learned a level 5 spell: Summon Mana Viper
 10849 | D:9      | Found an ornate altar of the Wu Jian Council.
 10987 | D:9      | Reached skill level 9 in Summonings
 11047 | D:9      | Found a sparkling altar of Nemelex Xobeh.
 11721 | D:10     | Entered Level 10 of the Dungeon
 11721 | D:10     | Noticed a gargoyle
 11729 | D:10     | Killed a gargoyle
 11875 | D:10     | Noticed a two-headed ogre
 11893 | D:10     | Killed a two-headed ogre
 12033 | D:10     | HP: 2/43 [yak (7)]
 12036 | D:10     | Reached XP level 11. HP: 2/46 MP: 11/23
 12063 | D:10     | Reached skill level 5 in Fighting
 12626 | D:10     | Reached skill level 5 in Unarmed Combat
 12896 | D:10     | Found a staircase to the Orcish Mines.
 12949 | D:10     | Noticed Snorg
 12964 | D:10     | Killed Snorg
 13159 | D:11     | Noticed Urug
 13215 | D:11     | Hit by a silver javelin thrown by Urug
 13216 | D:11     | Reached XP level 10. HP: -4/44 MP: 19/31
 13583 | D:11     | Noticed a cyclops
 13600 | D:11     | Killed a cyclops
 13601 | D:11     | Killed by an exploding themself... ignited by their inner
                  | flame
 13602 | D:11     | Reached XP level 9. HP: -4/40 MP: 20/31
 13752 | D:11     | Found Hoesiho's General Store.
 13760 | D:11     | Bought a potion of heal wounds for 60 gold pieces
 13780 | D:11     | Found Counwe's Weapon Shop.
 13788 | D:11     | Hit by a silver javelin thrown by Urug

Illustrated notes

Levels and vault maps discovered:
D:1:      moated_graveyard_arrival, layout_loops_ring
D:2:      layout_basic, uniq_robin
D:3:      layout_loops_ring, minmay_door_square, amethyst_killhole, hex_tiny,
          hex_large, uniq_grinder
D:4:      layout_loops_ring, serial_shops, nicolae_shop_overgrown_old_shop,
          gup_ossuary_entry_pyramid, gammafunk_ghost_nasty_kobolds, uniq_natasha
D:5:      layout_loops_ring, led_sif_book, nicolae_overflow_hidden_temple,
          gammafunk_ghost_mausoleum
D:6:      layout_basic, kennysheep_mini, gup_sewer_entry_glass,
          uniq_blork_the_orc, uniq_pikel
D:7:      layout_cave_pools, marbit_many_paths, minmay_temple_entry_mist
D:8:      layout_basic, lemuel_doored_altar, mainiacjoe_overflow_24_doors,
          mainiacjoe_overflow_tiny_flanked, zin_scriptorium, lair_entry_dummy,
          serial_shops, shop
D:9:      minmay_razor_zed, layout_irregular_city, nicolae_wu_jian_wuxing_cycle,
          nemelex_altar_shiori, gammafunk_ghost_stat_death, serial_column_ruins,
          column_ruins_open_small, column_ruins_open_tiny,
          column_ruins_open_small, column_ruins_columns_straight,
          column_ruins_columns_straight, minmay_unpleasant_kobolds
D:10:     layout_cave_pools, david_orc_5, uniq_snorg
D:11:     layout_loops_corners, serial_shops, nicolae_shop_hallway_plus,
          nicolae_shop_waterfront, nicolae_shop_hallway_plus, shop, shop,
          nicolae_ru_path_of_blood, uniq_urug
Temple:   nicolae_temple_godzebo

Skill      XL: |  1  2  3  4  5  6  7  8  9 10 11 |
---------------+----------------------------------+-----
Summonings     | 5 6 7 8 9 |  9.9
Hexes          | 1 3 4 5 |  5.0
Spellcasting   | 3 4 5 6 8 |  8.0
Air Magic      | 1 2 3 4 5 6 7 |  7.3
Fighting       | 1 3 4 5 |  5.2
Dodging        | 3 5 6 7 |  7.5
Unarmed Combat | 1 3 4 5 |  5.2
Translocations | 3 2 5 7 |  7.1
Stealth        | |  2.6

Action                     |  1- 3 |  4- 6 |  7- 9 | 10-12 || total
---------------------------+-------+-------+-------+-------++-------
  Melee: Unarmed           |    15 |    16 |    33 |    20 ||    84
         Punch             |     1 |       |       |     3 ||     4
         Bite              |       |     1 |     6 |     1 ||     8
   Cast: Summon Small Mamm |    48 |     3 |       |       ||    51
         Call Imp          |    16 |    10 |    12 |     1 ||    39
         Call Canine Famil |     6 |    23 |    39 |    16 ||    84
         Summon Guardian G |       |     4 |    24 |    18 ||    46
         Summon Lightning  |       |       |    36 |    40 ||    76
         Blink             |       |       |     7 |     3 ||    10
         Tukima's Dance    |       |       |     2 |     6 ||     8
         Summon Mana Viper |       |       |     1 |    17 ||    18
  Evoke: Wand              |       |       |     1 |     1 ||     2
    Use: Scroll            |       |     5 |     9 |     6 ||    20
         Potion            |       |       |     5 |     3 ||     8
   Stab: Distracted        |     1 |       |     2 |     1 ||     4
         Sleeping          |       |     1 |       |       ||     1
 Armour: Skin              |     2 |       |     6 |     3 ||    11
  Dodge: Dodged            |    36 |    25 |    81 |    35 ||   177

Table legend: (Time is in decaauts)
 A = Elapsed time spent in this place.
 B = Non-inter-level travel time spent in this place.
 C = Inter-level travel time spent in this place.
 D = Time resting spent in this place.
 E = Time spent auto-exploring this place.
 F = Levels seen in this place.
 G = Mean time per level.
                   A        B        C        D        E       F      G
               +--------+--------+--------+--------+--------+-----+--------+
         Total |  12418 |  12163 |    255 |    737 |   8662 |  14 |  887.0 |
       Dungeon |  11641 |  11386 |    255 |    737 |   8146 |  11 | 1058.3 |
        Temple |     90 |     90 |      0 |      0 |     61 |   1 |   90.0 |
         Sewer |    149 |    149 |      0 |      0 |    114 |   1 |  149.0 |
       Ossuary |    536 |    536 |      0 |      0 |    340 |   1 |  536.0 |
               +--------+--------+--------+--------+--------+-----+--------+

Top non-repeatable levels by time:
     D:9: 1614 daAuts
     D:6: 1344 daAuts
     D:4: 1238 daAuts
     D:1: 1219 daAuts
    D:10: 1131 daAuts
     D:5: 1089 daAuts
     D:2: 973 daAuts
     D:8: 851 daAuts
     D:3: 799 daAuts
     D:7: 786 daAuts
    D:11: 594 daAuts
 Ossuary: 536 daAuts
   Sewer: 149 daAuts
  Temple: 90 daAuts
